 Dungeon Crawl Stone Soup version 0.22.1-1-ga44c0e56f4 (webtiles) character file.

12212 Gargoyl the Schismatic (level 11, -4/91 HPs)
             Began as a Centaur Abyssal Knight on Oct 9, 2018.
             Was an Elder of Lugonu.
             Slain by a death yak (9 damage)
             ... on level 3 of the Lair of Beasts.
             The game lasted 00:24:31 (12107 turns).

Gargoyl the Schismatic (Centaur Abyssal Knight)    Turns: 12107, Time: 00:24:31

Health: -4/91      AC: 20    Str: 16    XL:     11   Next: 59%
Magic:  17/17      EV:  9    Int: 11    God:    Lugonu [****..]
Gold:   579        SH: 13    Dex: 11    Spells: 10/10 levels left

rFire    . . .     SeeInvis .   j - +2 war axe
rCold    + . .     Gourm    .   m - +0 shield
rNeg     . . .     Faith    .   i - +4 ring mail "Ypisud" {Regen+}
rPois    +         Spirit   .   s - +2 helmet
rElec    .         Reflect  .   B - +1 cloak {rPois}
rCorr    .         Harm     .   C - +1 pair of gloves
MR       +....                  (no barding)
Stlth    ..........             y - amulet of regeneration
HPRegen  1.05/turn              h - ring of protection from magic
MPRegen  0.15/turn              F - +2 ring of protection

@: very quick
A: large, hooves 3, large bone plates 1, cold resistance 1, deformed body, speed
2, tough skin 3
a: Depart the Abyss, Bend Space, Banish, Corrupt, Renounce Religion


You were on level 3 of the Lair of Beasts.
You worshipped Lugonu.
Lugonu was greatly pleased with you.
You were not hungry.

You visited 2 branches of the dungeon, and saw 12 of its levels.
You visited the Abyss 1 time.

You collected 754 gold pieces.
You spent 175 gold pieces at shops.

Inventory:

Hand Weapons
 a - a +1 hand axe
 j - a +2 war axe (weapon)
Missiles
 r - 11 javelins (quivered)
Armour
 e - +0 acid dragon scales
 i - the +4 ring mail "Ypisud" (worn) {Regen+}
   (You found it on level 9 of the Dungeon)

   It increases your rate of regeneration.
 m - a +0 shield (worn)
 s - a +2 helmet (worn)
 B - a +1 cloak of poison resistance (worn)
 C - a +1 pair of gloves (worn)
 J - the +5 scale mail of Duep {rPois rF- rC+ rCorr}
   (You found it on level 9 of the Dungeon)

   It makes you vulnerable to fire.
   It protects you from cold.
   It protects you from poison.
   It provides partial protection from all sources of acid and corrosion.
Jewellery
 h - a ring of protection from magic (left hand)
 o - an uncursed ring of resist corrosion
 y - an amulet of regeneration (around neck)
 F - a +2 ring of protection (right hand)
Wands
 d - a wand of disintegration (14)
 p - a wand of clouds (4)
 t - a wand of random effects (20)
 w - a wand of iceblast (13)
 E - a wand of flame (34)
 H - a wand of polymorph (15)
Scrolls
 f - a scroll of fog
 g - 10 scrolls of remove curse
 k - 2 scrolls of fear
 l - 4 scrolls of teleportation
 n - 4 scrolls of identify
 K - a scroll of enchant armour
Potions
 b - a potion of degeneration
 q - 2 potions of mutation
 u - 3 potions of agility
 x - 2 potions of haste
 z - 3 potions of lignification
 A - 2 potions of curing
 D - 3 potions of flight {unknown}
 G - 2 potions of invisibility {unknown}
 I - a potion of brilliance {unknown}
Miscellaneous
 v - a sack of spiders
Comestibles
 c - 18 rations


   Skills:
 + Level 6.6 Fighting
 + Level 9.0 Axes
 + Level 1.0 Throwing
 * Level 6.7 Armour
 + Level 4.3 Dodging
 + Level 5.3 Shields
 * Level 9.1 Invocations
 + Level 1.0 Evocations


You had 10 spell levels left.
You didn't know any spells.
Your spell library contained the following spells:

 Spells                   Type           Power        Failure   Level  Hunger
 Freeze                   Ice            #...         80%         1    ##.....
 Throw Frost              Conj/Ice       #.....       91%         2    ###....
 Ozocubu's Armour         Chrm/Ice       #.......     99%         3    ####...
 Summon Ice Beast         Ice/Summ       #.......     100%        4    #####..
 Throw Icicle             Conj/Ice       #.......     100%        4    #####..


Dungeon Overview and Level Annotations

Branches:
Dungeon (9/15)             Temple (0/1) D:5            Lair (3/6) D:9
 Shoals (0/4) Lair:2        Snake (0/4) Lair:2
    Orc: D:9-12

Altars:
Cheibriados
Dithmenos
Fedhas
Gozag
Makhleb
Ru
Trog
Yredelemnul
Zin
The Shining One

Shops:
D:6 [

Annotations:
D:3 1 runed door


Innate Abilities, Weirdness & Mutations

You have hooves in place of feet.
Armour fits poorly on your strangely shaped body.
You cover ground very quickly.
You have extremely tough skin. (AC +3)
You are partially covered in large bone plates. (SH +4)
Your flesh is cold resistant. (rC+)


Message History

The death yak gores you!!
Unknown command.
You slash the death yak!
The death yak is moderately wounded.
You slash the death yak!
The death yak gores you but does no damage.
You block the death yak's attack.
Your shield and ring mail "Ypisud" prevent you from hitting the death yak.
The death yak is moderately wounded.
You hit the death yak. The death yak gores you!! The death yak gores you!
* * * LOW HITPOINT WARNING * * *
Unknown command.
Your shield and ring mail "Ypisud" prevent you from hitting the death yak.
You kick the death yak.
The death yak is moderately wounded.
You hit the death yak but do no damage. You block the death yak's attack.
The death yak gores you!!
* * * LOW HITPOINT WARNING * * *
The death yak barely misses you. The death yak gores you!
You die...

......... ..
....... .. .
....#P+P ..
##.... .#.#
####.........
........#..
....P...Y#
..#..@.#
.....(.Y##
...##...# ## # #
#....##P#.#.##
..##............
........<.......
................
................
................


You could see 2 death yaks.

Vanquished Creatures
  Erica (D:9)
  A death yak (Lair:2)
  A two-headed ogre (D:9)
  Pikel (D:4)
  3 spiny frogs (Lair:2)
  A rime drake (Lair:1)
  A komodo dragon (Lair:1)
  A hornet (D:9)
  Grinder (D:6)
  2 hippogriffs (Lair:1)
  A snapping turtle (Lair:2)
  The ghost of patcoet the Merchant of Misery, an amateur DENe of Kikubaaqudgha (D:4)
  Sigmund (D:4)
  A shadow (D:9)
  13 yaks
  A basilisk (Lair:2)
  Eustachio (D:5)
  Menkaure (D:7)
  The ghost of Zarkath the Skirmisher, an amateur GrFi (D:3)
  3 water moccasins
  4 porcupines
  An eye of draining (D:9)
  4 black bears
  3 slaves (D:4)
  2 sky beasts
  A phantom (D:6)
  4 centaurs
  2 ogres (D:8)
  2 crocodiles
  8 bullfrogs
  A gnoll sergeant (D:8)
  6 scorpions
  4 killer bees (D:7)
  2 crimson imps
  A quasit (D:5)
  2 hounds
  A bullfrog skeleton (D:8)
  A jelly (D:6)
  A gnoll shaman (D:6)
  An orc priest (D:9)
  3 centaur skeletons
  An iguana (D:6)
  Terence (D:3)
  5 orc wizards
  5 worker ants
  A killer bee zombie (D:9)
  A hound zombie (D:5)
  4 hound skeletons
  A howler monkey zombie (D:7)
  8 gnolls
  2 river rats (D:3)
  4 adders
  3 oozes
  2 worms
  2 dart slugs
  6 leopard geckos
  13 orcs
  6 giant cockroaches
  6 goblins
  5 hobgoblins
  4 jackals
  5 quokkas
  2 ball pythons
  3 bats
  7 frilled lizards
  A jackal skeleton (D:4)
  A jackal zombie (D:5)
  8 kobolds
  A leopard gecko zombie (D:5)
  9 rats
208 creatures vanquished.

Vanquished Creatures (others)
  An oklob plant (Lair:1)
  A spiny frog (Lair:2)
  An orc wizard (D:9)
  3 fungi
6 creatures vanquished.

Grand Total: 214 creatures vanquished

Notes
Turn   | Place    | Note
-------+----------+-------------------------------------------
     0 | Abyss:1  | Gargoyl the Centaur Abyssal Knight began the quest for the
                  | Orb.
     0 | Abyss:1  | Reached XP level 1. HP: 19/19 MP: 2/2
    23 | Abyss:2  | Noticed a small abomination
    24 | D:1      | Escaped the Abyss
   190 | D:1      | Reached XP level 2. HP: 25/26 MP: 3/3
   281 | D:1      | Reached * piety under Lugonu
   571 | D:1      | Reached XP level 3. HP: 29/31 MP: 4/4
  1429 | D:2      | Found an opulent altar of Gozag.
  1436 | D:2      | Found a burning altar of Makhleb.
  1712 | D:3      | Reached XP level 4. HP: 28/38 MP: 5/5
  1723 | D:3      | Noticed Terence
  1751 | D:3      | Killed Terence
  1789 | D:3      | Found an opulent altar of Gozag.
  2007 | D:3      | Found a runed door.
  2016 | D:3      | Noticed a bullfrog
  2016 | D:3      | Noticed Zarkath's ghost (amateur GrFi)
  2116 | D:3      | Found a runed door.
  2323 | D:3      | Found a glowing golden altar of the Shining One.
  2376 | D:3      | Found a shadowy altar of Dithmenos.
  2717 | D:3      | Killed a bullfrog
  2717 | D:3      | Reached ** piety under Lugonu
  2717 | D:3      | Reached skill level 1 in Dodging
  2717 | D:3      | Reached XP level 5. HP: 38/46 MP: 7/7
  2725 | D:3      | Gained mutation: Your flesh is cold resistant. (rC+)
                  | [potion of mutation]
  2725 | D:3      | Gained mutation: You are partially covered in large bone
                  | plates. (SH +4) [potion of mutation]
  3004 | D:4      | Found a runed door.
  3083 | D:4      | Found a blossoming altar of Fedhas.
  3125 | D:4      | Noticed Sigmund
  3217 | D:4      | Noticed a slave
  3217 | D:4      | Noticed a slave
  3217 | D:4      | Noticed a slave
  3217 | D:4      | Noticed Pikel
  3217 | D:4      | Noticed a slave
  3225 | D:4      | Killed Sigmund
  3226 | D:4      | Reached XP level 6. HP: 12/52 MP: 6/8
  3246 | D:4      | Killed a slave
  3249 | D:4      | Killed a slave
  3255 | D:4      | Killed a slave
  3293 | D:4      | Killed Pikel
  3293 | D:4      | Reached XP level 7. HP: 26/59 MP: 8/10
  3430 | D:4      | Reached skill level 1 in Shields
  3629 | D:3      | Killed Zarkath's ghost
  3629 | D:3      | Reached XP level 8. HP: 31/67 MP: 11/11
  4144 | D:4      | Found a basalt altar of Yredelemnul.
  4809 | D:4      | Noticed patcoet's ghost (amateur DENe)
  4830 | D:4      | Killed patcoet's ghost
  4830 | D:4      | Reached skill level 5 in Invocations
  4830 | D:4      | Reached skill level 1 in Evocations
  4851 | D:5      | Entered Level 5 of the Dungeon
  4866 | D:5      | Found a staircase to the Ecumenical Temple.
  4942 | D:5      | Noticed Eustachio
  5265 | D:5      | Killed Eustachio
  5324 | D:5      | Reached skill level 5 in Axes
  5878 | D:6      | Reached XP level 9. HP: 51/73 MP: 13/13
  6040 | D:6      | Noticed Grinder
  6054 | D:6      | Reached *** piety under Lugonu
  6076 | D:6      | Paralysed by Grinder for 7 turns
  6143 | D:6      | Killed Grinder
  6143 | D:6      | Reached skill level 5 in Fighting
  6212 | D:6      | Reached skill level 5 in Armour
  6564 | D:6      | Found Pyehy's Armour Emporium.
  6572 | D:6      | Bought a +1 cloak of poison resistance for 175 gold pieces
  7384 | D:7      | Found a bloodstained altar of Trog.
  7452 | D:7      | Noticed Menkaure
  7461 | D:7      | Killed Menkaure
  8989 | D:9      | Reached XP level 10. HP: 55/81 MP: 15/15
  8990 | D:9      | Found a snail-covered altar of Cheibriados.
  8993 | D:9      | Got a faintly glowing scale mail
  9004 | D:9      | Identified the +5 scale mail of Duep {rPois rF- rC+ rCorr}
                  | (You found it on level 9 of the Dungeon)
  9113 | D:9      | Got a smoking ring mail
  9129 | D:9      | Identified the +4 ring mail "Ypisud" {Regen+} (You found it
                  | on level 9 of the Dungeon)
  9177 | D:9      | Found a staircase to the Lair.
  9394 | D:9      | Reached **** piety under Lugonu
  9399 | D:9      | Paralysed by a hornet for 2 turns
  9631 | D:9      | Noticed Erica
  9654 | D:9      | Killed Erica
  9809 | D:9      | Found a glowing silver altar of Zin.
  9991 | D:9      | Noticed a two-headed ogre
 10002 | D:9      | Killed a two-headed ogre
 10046 | Lair:1   | Entered Level 1 of the Lair of Beasts
 10076 | Lair:1   | Found a sacrificial altar of Ru.
 10076 | Lair:1   | Noticed an oklob plant
 10323 | Lair:1   | Reached XP level 11. HP: 89/89 MP: 17/17
 11014 | Lair:1   | Banished an oklob plant
 11154 | Lair:2   | Reached skill level 5 in Shields
 11258 | Lair:2   | Got a faintly glowing ring mail
 11269 | Lair:2   | Identified the +2 ring mail "Zoymp" {-Tele rF+++ Str+4
                  | Dex-3} (You found it on level 2 of the Lair of Beasts)
 11411 | Lair:2   | Found a staircase to the Snake Pit.
 11586 | Lair:2   | Found a staircase to the Shoals.
 11795 | Lair:3   | Noticed a death yak
 11798 | Lair:3   | Noticed a death yak
 11799 | Lair:3   | Noticed a death yak
 11800 | Lair:3   | Noticed a death yak
 11800 | Lair:3   | Noticed a death yak
 11802 | Lair:3   | Noticed a death yak
 11825 | Lair:2   | Killed a death yak
 11825 | Lair:2   | Reached skill level 1 in Throwing
 12107 | Lair:3   | Slain by a death yak

Skill      XL: |  1  2  3  4  5  6  7  8  9 10 11 |
---------------+----------------------------------+-----
Axes           | 2 3 4 5 6 8 9 |  9.0
Armour         | 2 3 4 5 6 |  6.7
Dodging        | 1 2 3 4 |  4.3
Invocations    | 3 4 5 7 8 9 |  9.1
Fighting       | 4 5 6 |  6.6
Shields        | 1 2 3 4 5 |  5.3
Evocations     | 1 |  1.0
Throwing       | 1 |  1.0

Action                   |  1- 3 |  4- 6 |  7- 9 | 10-12 || total
-------------------------+-------+-------+-------+-------++-------
Melee: Hand axe          |   111 |    89 |   644 |       ||   844
       Kick              |    18 |    24 |   145 |   130 ||   317
       War axe           |       |       |     8 |   389 ||   397
Throw: Javelin           |       |     2 |       |     7 ||     9
Invok: Depart the Abyss  |     1 |       |       |       ||     1
       Bend Space        |       |     1 |       |       ||     1
       Banish            |       |       |       |     3 ||     3
Evoke: Wand              |       |     8 |     1 |       ||     9
  Use: Scroll            |     5 |     1 |     8 |     6 ||    20
       Potion            |       |     4 |     1 |     2 ||     7
  Eat: Chunk             |     1 |     4 |     9 |    10 ||    24
       Ration            |       |       |     2 |       ||     2
Armor: Acid dragon scale |    62 |    35 |   306 |       ||   403
       Skin              |       |       |    27 |       ||    27
       Ring mail         |       |       |       |   167 ||   167
Dodge: Dodged            |    55 |    39 |   190 |   106 ||   390
Block: Buckler           |       |    19 |    10 |       ||    29
       Shield            |       |       |   390 |   283 ||   673
